AoeStats
← Huntsky

Hideout

509259713Analyzed
1v1 RM · 5d ago on Sep 26, 2026· 29m 0s· 2 players
Game mode
Random Map
Map size
Tiny (2 player)
Population
200
Speed
Normal
Resources
Standard
Victory
Conquest
Starting age
Dark Age
Ending age
Imperial Age
RankedLock teamsTeams togetherTeam positionsShared explorationLock speedFull tech treeHidden civsTurbo modeCheats
Victory
Defeat
🇷🇴 Turks · Romania
861
+14
🇺🇸 Persians · United States
821
-14
Huntsky
1:07 Loom
9:45 Feudal Age
10:13 Double-Bit Axe
11:06 Wheelbarrow
12:11 Horse Collar
19:54 Castle Age
19:07 Bloodlines
19:43 Scale Barding Armor
20:59 Fletching
22:21 Husbandry
22:14 Crossbowman
23:39 Padded Archer Armor
24:56 Thumb Ring
26:46 Bow Saw
28:46 Light Cavalry
Azazel
12:32 Feudal Age
17:32 Castle Age
15:41 Double-Bit Axe
15:38 Horse Collar
15:56 Gold Mining
21:58 Imperial Age
Connection lost

Rejoining the realm…

Still unreachable

The connection could not be restored.

Session expired

The server has moved on; the page needs a fresh start.